 Dungeon Crawl Stone Soup version 0.26-a0-1033-gd598b01645 (webtiles) character file.

Game seed: 12726954151221592438

10510 dolemite99 the Spear-Bearer (level 11, -5/95 HPs)
             Began as a Minotaur Fighter on Dec 11, 2020.
             Was a Priest of Makhleb.
             Slain by a wolf spider (11 damage)
             ... on level 1 of the Lair of Beasts.
             The game lasted 00:13:26 (12051 turns).

dolemite99 the Spear-Bearer (Minotaur Fighter)     Turns: 12051, Time: 00:13:27

Health: -5/95      AC: 20    Str: 24    XL:     11   Next: 37%
Magic:  14/14      EV:  7    Int:  5    God:    Makhleb [***...]
Gold:   343        SH:  5    Dex: 10    Spells: 10/10 levels left

rFire    . . .     SeeInvis .   a - +5 halberd (vorpal)
rCold    . . .     Faith    .   (shield currently unavailable)
rNeg     . . .     Spirit   .   G - +0 plate armour
rPois    .         Reflect  +   U - +2 hat
rElec    .         Harm     .   k - +1 cloak
rCorr    .         Rampage  .   (no gloves)
Will     +....                  n - +1 pair of boots
Stlth    ..........             v - amulet of reflection
HPRegen  0.25/turn              x - ring of willpower
MPRegen  0.14/turn              (no ring)

@: about to teleport
A: retaliatory headbutt, horns 2
a: Minor Destruction, Lesser Servant of Makhleb, Renounce Religion


You were on level 1 of the Lair of Beasts.
You worshipped Makhleb.
Makhleb was most pleased with you.
You visited 2 branches of the dungeon, and saw 10 of its levels.

You collected 571 gold pieces.
You spent 228 gold pieces at shops.

Inventory:

Hand Weapons
 a - a +5 vorpal halberd (weapon)
 b - a +4 shortbow of freezing
 o - a cursed +0 spear
 C - a +0 battleaxe
 E - the +2 falchion of Anger {freeze, rC++ rN+, unknown}
   (You found it on level 6 of the Dungeon)

   It has been specially enchanted to freeze those struck by it, causing extra
   injury to most foes and up to half again as much damage against particularly
   susceptible opponents.
   It can also slow down cold-blooded creatures.
   It greatly protects you from cold.
   It protects you from negative energy.
 Q - a +0 war axe
 T - a +1 glaive
Missiles
 l - 13 javelins
 q - 186 stones (quivered)
 y - 90 sling bullets
 z - 102 arrows
Armour
 k - a +1 cloak (worn)
 m - a +0 chain mail
 n - a +1 pair of boots (worn)
 G - a +0 plate armour (worn)
 R - a cursed +0 kite shield
 U - a +2 hat (worn)
Jewellery
 e - an uncursed ring of flight
 f - an uncursed ring of ice
 v - an amulet of reflection (around neck)
 x - a ring of willpower (left hand)
 V - an uncursed ring of see invisible {unknown}
Wands
 c - a wand of polymorph (24)
 I - a wand of digging (4)
 L - a wand of enslavement (7)
 S - a wand of paralysis (2)
Scrolls
 g - 3 scrolls of fog
 h - 2 scrolls of remove curse {@r2}
 r - 3 scrolls of teleportation
 w - a scroll of magic mapping
 F - a scroll of amnesia
 N - a scroll of immolation {unknown}
 O - 5 scrolls of enchant armour
 P - 3 scrolls of identify {@r1}
Potions
 d - 4 potions of might
 i - 2 potions of curing
 j - 3 potions of berserk rage
 p - 2 potions of magic {unknown}
 s - a potion of ambrosia {unknown}
 t - 3 potions of heal wounds {unknown}
 u - 3 potions of invisibility
 A - 5 potions of lignification
 B - 2 potions of flight
 D - 2 potions of mutation {unknown}
 H - a potion of cancellation {unknown}
 J - a potion of attraction
 K - a potion of degeneration {unknown}
 M - a potion of brilliance {unknown}


   Skills:
 - Level 8.4 Fighting
 - Level 11.0(12.9) Axes
 + Level 11.6(13.2) Polearms
 - Level 6.0 Bows
 - Level 7.7 Armour
 - Level 3.6 Shields
 - Level 6.5 Invocations


You had 10 spell levels left.
You didn't know any spells.
Your spell library contained the following spells:

 Spells                   Type           Power        Failure   Level
 Magic Dart               Conj           #...         100%        1
 Blink                    Tloc           N/A          100%        2
 Call Imp                 Summ           #.......     100%        2
 Slow                     Hex            #.......     100%        2
 Conjure Flame            Conj/Fire      #.......     100%        3
 Mephitic Cloud           Conj/Pois/Air  #.......     100%        3


Dungeon Overview and Level Annotations

Branches:
Dungeon (9/15)             Temple (0/1) D:5            Lair (1/6) D:8
    Orc: D:9-12

Altars:
Ashenzari
Cheibriados
Dithmenos
Makhleb
Sif Muna
Uskayaw
Vehumet
Xom
Zin
The Shining One

Shops:
D:5 !(   D:6 *   D:7 (   D:9 *


Innate Abilities, Weirdness & Mutations

You reflexively headbutt those who attack you in melee.
You have a pair of horns on your head.


Message History

The wolf spider bites you but does no damage.
The komodo dragon bites you but does no damage.
You hear an angry hiss.
You can move again.
Okay, then.
You feel better. The black mamba bites you.
* * * LOW HITPOINT WARNING * * *
You block the hornet's attack.
The wolf spider hits you but does no damage.
The wolf spider barely misses you.
The black mamba bites you but does no damage.
The hornet stings you but does no damage.
The komodo dragon closely misses you.
As you read the scroll of teleportation, it crumbles to dust.
You feel strangely unstable. The wolf spider barely misses you.
The wolf spider bites you but does no damage.
The black mamba bites you.
* * * LOW HITPOINT WARNING * * *
The hornet barely misses you. The wolf spider hits you!
You die... .............# P.(PPP. .............# #P..PPPPP .............# #P.(PPPPP

.............###P.PPPPPP
.............#.((..PPPP.
.............##..PP.....
..............P(P.P...P.
...............syS..S...
................@l......
........................
........................
........................
........................
........................
.....##..##P............
.....##..P##............
.....##...##..........


You could see a wolf spider, a komodo dragon, a black mamba, a hornet and an
adder.

Vanquished Creatures
  Gastronok (D:9)
  Pikel (D:6)
  Joseph (D:7)
  A cane toad (Lair:1)
  A komodo dragon (Lair:1)
  A wyvern (D:8)
  4 hogs (D:8)
  Grum (D:9)
  A human (D:8)
  4 orc warriors
  2 black bears (D:8)
  An ice beast (D:9)
  3 sky beasts
  A necrophage (D:9)
  8 ogres
  4 wolves
  3 phantoms
  4 lemures (D:6)
  4 centaurs
  Blork the orc (D:5)
  A big kobold (D:7)
  A wyvern zombie (D:8)
  3 bullfrogs
  5 scorpions
  2 water moccasin skeletons (D:4)
  4 wights (D:8)
  An electric eel (D:6)
  4 howler monkeys
  2 quasits
  A centaur zombie (D:9)
  4 hounds
  2 jellies
  5 orc wizards
  4 bullfrog skeletons
  3 orc priests
  A centaur skeleton (D:5)
  3 iguanas
  3 worker ants
  Terence (D:2)
  A hound skeleton (D:5)
  A worker ant zombie (D:8)
  Robin (D:2)
  A howler monkey zombie (D:8)
  8 adders
  3 shadow imps
  5 white imps
  4 ufetubi
  2 adder zombies
  3 worms
  A dart slug (D:1)
  2 leopard geckos
  28 orcs
  A bat (D:2)
  6 giant cockroaches
  14 goblins
  7 hobgoblins
  13 jackals
  10 kobolds
  3 quokkas
  4 ball pythons
  6 frilled lizards
  A jackal skeleton (D:4)
  A leopard gecko skeleton (D:4)
  A leopard gecko zombie (D:7)
  A quokka skeleton (D:6)
  A quokka zombie (D:6)
  11 rats
237 creatures vanquished.

Vanquished Creatures (collateral kills)
  Harold (D:7)
  A hydra (Lair:1)
  Urug (Lair:1)
  A cane toad (Lair:1)
  A wyvern (D:8)
  A yak (D:8)
  2 bullfrogs
  A scorpion (D:8)
  2 bullfrog skeletons (D:8)
  An orc wizard (D:7)
  An iguana (D:8)
  An adder skeleton (D:8)
  2 orcs (D:7)
16 creatures vanquished.

Vanquished Creatures (others)
  13 fungi
  16 plants
29 creatures vanquished.

Grand Total: 282 creatures vanquished

Notes
Turn   | Place    | Note
-------+----------+-------------------------------------------
     0 | D:1      | dolemite99 the Minotaur Fighter began the quest for the
                  | Orb.
     0 | D:1      | Reached XP level 1. HP: 19/19 MP: 0/0
   130 | D:1      | Noticed a big kobold
   130 | D:1      | Noticed a big kobold
   130 | D:1      | Noticed a big kobold
   130 | D:1      | Noticed a big kobold
   194 | D:1      | Reached XP level 2. HP: 26/26 MP: 1/1
   761 | D:2      | Found a shadowy altar of Dithmenos.
   784 | D:2      | Noticed Robin
   787 | D:2      | Reached XP level 3. HP: 30/31 MP: 2/2
   807 | D:2      | Killed Robin
   921 | D:2      | Reached skill level 5 in Axes
   960 | D:2      | Noticed Terence
   976 | D:2      | Killed Terence
   977 | D:2      | Reached XP level 4. HP: 15/39 MP: 3/3
  1158 | D:2      | Found a burning altar of Makhleb.
  1158 | D:2      | Found a radiant altar of Vehumet.
  1162 | D:2      | Became a worshipper of Makhleb the Destroyer
  2115 | D:3      | Found a shimmering blue altar of Sif Muna.
  2564 | D:3      | Found a glowing golden altar of the Shining One.
  2564 | D:3      | Found a shimmering altar of Xom.
  2564 | D:3      | Found a snail-covered altar of Cheibriados.
  2686 | D:4      | Reached XP level 5. HP: 45/45 MP: 4/4
  2742 | D:4      | Reached * piety under Makhleb
  2909 | D:4      | Reached XP level 6. HP: 50/51 MP: 5/5
  3535 | D:4      | Reached XP level 7. HP: 35/57 MP: 6/6
  3798 | D:4      | Found the +2 cloak of the Thief {*Fog Slay-2 SInv Stlth+}
  4173 | D:5      | Entered Level 5 of the Dungeon
  4198 | D:5      | Noticed Blork the orc
  4216 | D:5      | Killed Blork the orc
  4217 | D:5      | Reached skill level 10 in Axes
  4748 | D:5      | Reached skill level 1 in Bows
  4797 | D:5      | Found Daucor's Antique Weapon Shoppe.
  4810 | D:5      | Found a staircase to the Ecumenical Temple.
  5272 | D:5      | Reached XP level 8. HP: 64/64 MP: 7/7
  5277 | D:5      | Reached ** piety under Makhleb
  5691 | D:5      | Found Sigh's Distillery.
  5707 | D:5      | Bought a potion of might for 52 gold pieces
  5707 | D:5      | Bought a potion of berserk rage for 65 gold pieces
  5707 | D:5      | Bought a potion of curing for 39 gold pieces
  5707 | D:5      | Bought a potion of lignification for 39 gold pieces
  5875 | D:5      | Reached skill level 5 in Fighting
  6075 | D:6      | Found Osarayrr's General Store.
  6148 | D:6      | Noticed Pikel
  6180 | D:6      | Killed Pikel
  6389 | D:6      | Got a faintly glowing falchion
  6435 | D:6      | Reached skill level 5 in Armour
  6435 | D:6      | Reached XP level 9. HP: 45/82 MP: 8/8
  7474 | D:7      | Noticed Joseph
  7500 | D:7      | Killed Joseph
  7501 | D:7      | Reached skill level 1 in Invocations
  7749 | D:7      | Reached *** piety under Makhleb
  7845 | D:7      | Noticed Harold
  7861 | D:7      | Killed Harold
  7862 | D:7      | Reached skill level 5 in Invocations
  7862 | D:7      | Reached XP level 10. HP: 63/90 MP: 9/12
  7974 | D:7      | Found Enanit's Weapon Shop.
  7985 | D:7      | Bought 14 arrows for 33 gold pieces
  9098 | D:8      | Found a staircase to the Lair.
  9265 | D:8      | Reached skill level 5 in Polearms
  9299 | D:8      | Found a broken altar of Ashenzari.
  9923 | D:9      | Noticed Grum
 10552 | D:9      | Killed Grum
 10570 | D:9      | Reached **** piety under Makhleb
 10668 | D:9      | Noticed Gastronok
 10699 | D:9      | Killed Gastronok
 10700 | D:9      | Reached skill level 10 in Polearms
 10700 | D:9      | Reached XP level 11. HP: 59/95 MP: 14/14
 10882 | D:9      | Found a glowing silver altar of Zin.
 10932 | D:9      | Found Zin's Purification Station.
 10975 | D:9      | Found a hide-covered altar of Uskayaw.
 11469 | Lair:1   | Entered Level 1 of the Lair of Beasts
 11469 | Lair:1   | Noticed Urug
 11469 | Lair:1   | Noticed a four-headed hydra
 11478 | Lair:1   | Killed a four-headed hydra
 11485 | Lair:1   | Killed Urug
 12040 | Lair:1   | Noticed a wolf spider
 12047 | Lair:1   | Paralysed by a hornet for 2 turns
 12049 | Lair:1   | HP: 3/95 [wolf spider (5)]
 12051 | Lair:1   | Slain by a wolf spider

Illustrated notes

Levels and vault maps discovered:
D:1:      erik_arrival_cave_to_civilisation [erik_arrival_cave_to_temple],
          layout_loops_ring, minmay_statues_item, serial_park_tiny_pond
D:2:      layout_loops_ring, gammafunk_temple_overflow_wave,
          nicolae_dithmenos_through_a_glass_darkly, uniq_terence, uniq_robin
D:3:      layout_loops_corners, lemuel_doored_altar,
          gammafunk_temple_overflow_claw
D:4:      layout_basic, serial_rivers, chequers_serial_rivers_room_b,
          chequers_serial_rivers_large_a, chequers_serial_rivers_marsh,
          chequers_serial_rivers_micro_b, chequers_serial_rivers_room_b
D:5:      layout_gridville, minmay_temple_entry_stoned_glass, serial_shops,
          shop, kennysheep_mini_moat, uniq_blork_the_orc
D:6:      layout_cave_pools, serial_shops, nicolae_shop_behind_doors,
          serial_bayou_pond_b, uniq_pikel
D:7:      layout_rooms, serial_shops, shop, uniq_joseph, uniq_harold
D:8:      layout_loops_corners, marbit_many_paths,
          grunt_lair_entry_orc_guard_hut, st_stairs_11, minivault_1,
          grunt_livestock
D:9:      layout_cave_pools, eat_drink_and_be_merry_uskayaw, zin_purify,
          uniq_grum, uniq_gastronok
Lair:1:   minmay_lair_venomous_thicket, layout_regular_city,
          eino_small_chamber_without_monster, uniq_urug

Skill      XL: |  1  2  3  4  5  6  7  8  9 10 11 |
---------------+----------------------------------+-----
Axes           | 3 4 5 6 7 9 10 11 | 11.0
Bows           | 3 4 6 |  6.0
Fighting       | 8 |  8.4
Armour         | 5 7 |  7.7
Invocations    | 5 6 |  6.5
Polearms       | 10 11 | 11.6
Shields        | |  3.6

Action                   |  1- 3 |  4- 6 |  7- 9 | 10-12 || total
-------------------------+-------+-------+-------+-------++-------
Melee: War axe           |    74 |   102 |   117 |   101 ||   394
       Headbutt          |    10 |     4 |    25 |    31 ||    70
       Shortbow          |       |       |     1 |       ||     1
       Halberd           |       |       |       |    30 ||    30
 Fire: Shortbow          |       |       |   195 |   173 ||   368
Throw: Javelin           |     2 |    12 |       |       ||    14
       Stone             |       |    40 |    23 |     4 ||    67
Invok: Lesser Servant of |       |       |     2 |     5 ||     7
Evoke: Wand              |       |       |       |     1 ||     1
  Use: Scroll            |       |       |    13 |     4 ||    17
       Potion            |       |       |       |     1 ||     1
 Stab: Distracted        |       |       |       |     2 ||     2
Armor: Scale mail        |    19 |       |       |       ||    19
       Chain mail        |       |    55 |    55 |       ||   110
       Plate armour      |       |       |    17 |   148 ||   165
Dodge: Dodged            |    17 |    15 |    41 |    79 ||   152
Block: Kite shield       |    33 |    45 |     8 |       ||    86
       Other             |       |       |    24 |    36 ||    60
       Reflection        |       |       |     5 |       ||     5

Table legend: (Time is in decaauts)
 A = Elapsed time spent in this place.
 B = Non-inter-level travel time spent in this place.
 C = Inter-level travel time spent in this place.
 D = Time resting spent in this place.
 E = Time spent auto-exploring this place.
 F = Levels seen in this place.
 G = Mean time per level.
                   A        B        C        D        E       F      G
               +--------+--------+--------+--------+--------+-----+--------+
         Total |  12119 |  11728 |    391 |   3746 |   5984 |  10 | 1211.9 |
       Dungeon |  11543 |  11152 |    391 |   3395 |   5829 |   9 | 1282.6 |
          Lair |    576 |    576 |      0 |    351 |    155 |   1 |  576.0 |
               +--------+--------+--------+--------+--------+-----+--------+

Top non-repeatable levels by time:
     D:8: 2407 daAuts
     D:5: 1883 daAuts
     D:4: 1531 daAuts
     D:2: 1237 daAuts
     D:6: 1196 daAuts
     D:9: 919 daAuts
     D:7: 879 daAuts
     D:1: 772 daAuts
     D:3: 714 daAuts
  Lair:1: 576 daAuts
